 Dungeon Crawl Stone Soup version 0.26-a0-663-g36e8fdb655 (webtiles) character file.

Game seed: 4130623260919727413

15715 vortex the Thaumaturge (level 12, -3/69 HPs)
             Began as a Deep Elf Fire Elementalist on Oct 11, 2020.
             Was an Elder of Vehumet.
             Slain by a death yak (21 damage)
             ... in a Gauntlet on Oct 12, 2020.
             The game lasted 01:12:31 (15668 turns).

vortex the Thaumaturge (DEFE)                      Turns: 15668, Time: 01:12:31

Health: -3/69      AC:  9    Str: 13    XL:     12   Next: 3%
Magic:  13/27      EV: 18    Int: 24    God:    Vehumet [****..]
Gold:   636        SH:  0    Dex: 15    Spells: 8/29 levels left

rFire    + + .     SeeInvis .   q - +4 short sword (venom)
rCold    . . .     Faith    .   (no shield)
rNeg     . . .     Spirit   .   B - +2 robe {rC+ rF+}
rPois    .         Reflect  .   y - +0 helmet
rElec    .         Harm     .   C - +2 cloak
rCorr    .         Rampage  .   (no gloves)
MR       +....     NoTele   +   j - +0 pair of boots
Stlth    ++++......             (no amulet)
HPRegen  0.21/turn              c - ring of fire
MPRegen  0.20/turn              H - +6 ring of strength

@: no status effects
A: no striking features
a: Renounce Religion


You were in a Gauntlet.
You worshipped Vehumet.
Vehumet was greatly pleased with you.
You visited 2 branches of the dungeon, and saw 12 of its levels.
You also visited: Gauntlet.

You collected 636 gold pieces.

Inventory:

Hand Weapons
 q - a +4 short sword of venom (weapon)
Missiles
 a - 76 arrows
 k - 30 poisoned darts (quivered)
Armour
 j - a +0 pair of boots (worn)
 y - a +0 helmet (worn)
 B - a +2 robe of resistance (worn)
 C - a +2 cloak (worn)
 G - a +0 leather armour of fire resistance
Jewellery
 c - a ring of fire (left hand)
 v - an uncursed ring of protection from magic
 F - an uncursed ring of resist corrosion
 H - a +6 ring of strength (right hand)
Wands
 s - a wand of paralysis (9)
 u - a wand of disintegration (27)
 A - a wand of acid (2)
 J - a wand of polymorph (6)
 L - a wand of iceblast (17)
Scrolls
 d - 3 scrolls of amnesia {unknown}
 e - 10 scrolls of teleportation
 h - 2 scrolls of fog {unknown}
 l - 4 scrolls of remove curse
 o - 3 scrolls of enchant armour {unknown}
 r - 3 scrolls of immolation
 t - 3 scrolls of enchant weapon {unknown}
 w - a scroll of brand weapon
 D - 2 scrolls of fear
Potions
 b - a potion of magic {unknown}
 f - a potion of brilliance {unknown}
 g - 2 potions of heal wounds {unknown}
 i - 3 potions of berserk rage {unknown}
 n - 4 potions of curing {unknown}
 p - 4 potions of mutation {unknown}
 x - 4 potions of degeneration {unknown}
 z - 3 potions of haste {unknown}
 E - a potion of might
 K - a potion of ambrosia


   Skills:
 + Level 5.6 Fighting
 - Level 2.0 Short Blades
 - Level 2.5 Armour
 + Level 8.6 Dodging
 + Level 9.3 Stealth
 + Level 9.4 Spellcasting
 * Level 9.0 Conjurations
 + Level 4.8 Translocations
 + Level 8.4 Fire Magic
 + Level 2.9 Earth Magic
 + Level 6.9 Evocations


You had 8 spell levels left.
You knew the following spells:

 Your Spells              Type           Power        Failure   Level
a - Foxfire               Conj/Fire      ####         1%          1
b - Conjure Flame         Conj/Fire      ######..     1%          3
c - Sticky Flame          Conj/Fire      ######..     1%          4
d - Mephitic Cloud        Conj/Pois/Air  ####....     1%          3
f - Fireball              Conj/Fire      ######....   1%          5
i - Stone Arrow           Conj/Erth      #####.       1%          3
x - Blink                 Tloc           N/A          1%          2

Your spell library contained the following spells:

 Spells                   Type           Power        Failure   Level
 Frozen Ramparts          Ice            ##....       4%          3
 Magic Dart               Conj           ####         1%          1
 Shock                    Conj/Air       ####         1%          1
 Inner Flame              Hex/Fire       #####...     1%          3
 Static Discharge         Conj/Air       ####....     1%          3
 Lightning Bolt           Conj/Air       ####......   7%          5
 Call Imp                 Summ           ##......     9%          2
 Slow                     Hex            ##......     9%          2
 Swiftness                Air            ##......     9%          2
 Airstrike                Air            ##........   16%         4


Dungeon Overview and Level Annotations

Branches:
Dungeon (11/15)            Temple (1/1) D:5            Lair (0/6) D:8
    Orc (0/2) D:11        Gauntlet (1/1)

Altars:
Ashenzari
Cheibriados
Dithmenos
Fedhas
Hepliaklqana
Kikubaaqudgha
Makhleb
Nemelex Xobeh
Okawaru
Qazlal
Ru
Sif Muna
Trog
Uskayaw
Vehumet
Wu Jian
Xom
Yredelemnul
Zin
The Shining One
Lugonu

Shops:
D:6 :

Annotations:
D:6 n rpois for vault
D:9 iron troll Gauntlet 6 transporters, 1 runed translucent door, exclusion: orange crystal statue


Message History

The death yak is lightly wounded.
The death yak is covered in liquid flames!
The death yak burns!
The death yak gores you but does no damage.
Casting: Sticky Flame (safe; 1% risk of failure)
Confirm with . or Enter, or press ? or * to list all spells.
Press: ? - help, Shift-Dir - straight line, p - death yak You feel a surge of power!
The fireball explodes!
The fireball engulfs the death yak!!
The death yak is moderately wounded.
The death yak burns!
The death yak closely misses you.
Casting: Fireball (dangerous; 1% risk of failure)
Confirm with . or Enter, or press ? or * to list all spells.
Aiming: Fireball (dangerous; 1% risk of failure)
Press: ? - help, Shift-Dir - straight line You feel a surge of power!
The fireball explodes!
The fireball engulfs the death yak!!
The death yak is severely wounded.
The death yak burns!
The death yak gores you!!
You die...

## ### ### ### ### ### #########
#≈###≈###≈###≈###≈###≈###........
≈≈≈#≈≈≈#≈≈≈#≈≈≈#≈≈≈#≈≈≈#...8⌠8..8
#≈...............................
##...############################
#≈...#.......#8©8#.....#.#8©8#^..
≈≈...#.####..#...#[###.#.#...#.##
#≈...#!#..##.#..Y#Y..###.#...#[#≈
##...#©.#©.#.#©.@#Y..©...#©.©#©#≈
#≈...#[.##.#.#####...###.#####.#≈
≈≈...#....##.#...#.###.#.#...#.##
#≈...#8......#.8.#.....#.#.8.#...
##...#########...#########...####
#≈...............................
≈≈≈#≈≈≈#≈≈≈#≈≈≈#≈≈≈#≈≈≈#≈≈≈#≈≈≈#≈
#≈###≈###≈###≈###≈###≈###≈###≈###
## ### ### ### ### ### ### ### #


You could see 3 death yaks.

Vanquished Creatures
  A death ooze (Gauntlet)
  Erolcha (D:10)
  A two-headed ogre (D:11)
  3 death yaks
  A tengu warrior (D:11)
  2 deep trolls (D:9)
  Pikel (D:4)
  A moth of wrath (Gauntlet)
  An ice statue (Gauntlet)
  A rime drake (Gauntlet)
  A tengu conjurer (D:11)
  8 trolls
  6 yaks
  2 redbacks (Gauntlet)
  Menkaure (D:7)
  2 orc warriors (D:10)
  2 black bears (D:10)
  3 sky beasts
  A hornet zombie (D:10)
  An ice beast (D:7)
  A phantom (D:8)
  10 ogres
  3 centaurs
  5 big kobolds
  5 bullfrogs
  A water moccasin skeleton (D:9)
  4 scorpions
  4 jellies
  12 killer bees
  2 howler monkeys (D:4)
  6 wights
  5 electric eels (D:9)
  A quasit (D:8)
  3 orc priests
  3 hounds
  A bullfrog skeleton (D:5)
  4 gnoll shamans (D:10)
  A centaur skeleton (D:11)
  Ijyb (D:4)
  2 iguanas
  9 orc wizards
  7 worker ants
  A howler monkey zombie (D:7)
  A worker ant zombie (D:11)
  16 gnolls
  14 adders
  2 howler monkey skeletons
  4 white imps
  2 oozes
  An adder skeleton (D:2)
  3 adder zombies
  A worm (D:2)
  A dart slug (D:1)
  5 leopard geckos
  34 orcs
  9 bats
  A bat zombie (D:2)
  5 giant cockroaches
  10 goblins
  9 hobgoblins
  10 jackals
  23 kobolds
  8 quokkas
  A ball python (D:5)
  A ball python skeleton (D:2)
  8 frilled lizards
  2 jackal zombies
  2 leopard gecko skeletons
  4 quokka skeletons
  8 rats
316 creatures vanquished.

Vanquished Creatures (collateral kills)
  11 foxfires
11 creatures vanquished.

Vanquished Creatures (others)
  A rime drake (Gauntlet)
  1398 foxfires
  5 fungi (D:10)
  10 plants
1414 creatures vanquished.

Grand Total: 1741 creatures vanquished

Notes
Turn   | Place    | Note
-------+----------+-------------------------------------------
     0 | D:1      | vortex the Deep Elf Fire Elementalist began the quest for
                  | the Orb.
     0 | D:1      | Reached XP level 1. HP: 10/10 MP: 6/6
   221 | D:1      | Reached XP level 2. HP: 15/15 MP: 0/8
  1193 | D:2      | Reached XP level 3. HP: 20/20 MP: 3/9
  1520 | D:2      | Found a burning altar of Makhleb.
  1527 | D:2      | Found an iron altar of Okawaru.
  1530 | D:2      | Reached skill level 1 in Fighting
  1707 | D:2      | Learned a level 3 spell: Conjure Flame
  1883 | D:2      | Found a faded altar of an unknown god.
  1891 | D:2      | Reached XP level 4. HP: 25/25 MP: 5/11
  2631 | D:3      | Reached XP level 5. HP: 29/29 MP: 8/12
  2667 | D:3      | Found an ornate altar of the Wu Jian Council.
  2703 | D:3      | Found a blossoming altar of Fedhas.
  3829 | D:4      | Learned a level 4 spell: Sticky Flame
  4029 | D:4      | Reached XP level 6. HP: 35/35 MP: 8/14
  4082 | D:4      | Noticed Pikel
  4090 | D:4      | Killed Pikel
  4090 | D:4      | Reached skill level 5 in Spellcasting
  4090 | D:4      | Reached XP level 7. HP: 40/40 MP: 0/17
  4092 | D:4      | Reached skill level 5 in Fire Magic
  4249 | D:4      | Reached skill level 5 in Stealth
  4544 | D:4      | Noticed Ijyb
  4556 | D:4      | Killed Ijyb
  4788 | D:4      | Reached XP level 8. HP: 45/45 MP: 15/18
  4861 | D:5      | Entered Level 5 of the Dungeon
  4861 | D:5      | Found a glowing silver altar of Zin.
  4898 | D:5      | Reached skill level 1 in Short Blades
  5064 | D:5      | Found a staircase to the Ecumenical Temple.
  5070 | Temple   | Entered the Ecumenical Temple
  5112 | Temple   | Became a worshipper of Vehumet
  5361 | D:5      | Learned a level 5 spell: Fireball
  5768 | D:5      | Reached skill level 5 in Dodging
  6133 | D:6      | Found Raiskuo's Book Emporium.
  6316 | D:6      | Found a transporter.
  6378 | D:6      | Found an ancient bone altar of Kikubaaqudgha.
  6670 | D:6      | Found a sacrificial altar of Ru.
  6865 | D:6      | Found a transporter.
  7069 | D:7      | Reached * piety under Vehumet
  7069 | D:7      | Offered knowledge of Freeze by Vehumet.
  7169 | D:7      | Found a hide-covered altar of Uskayaw.
  7252 | D:7      | Found a shimmering altar of Xom.
  7285 | D:7      | Reached XP level 9. HP: 36/51 MP: 17/20
  7885 | D:7      | Noticed Menkaure
  7892 | D:7      | Killed Menkaure
  8051 | D:7      | Reached skill level 5 in Conjurations
  8366 | D:8      | Noticed a death yak
  8414 | D:8      | Noticed a death yak
  8720 | D:8      | Found a hazy altar of Hepliaklqana.
  8959 | D:8      | Offered knowledge of Searing Ray by Vehumet.
  9140 | D:8      | Noticed a death yak
  9288 | D:8      | Learned a level 3 spell: Mephitic Cloud
  9291 | D:8      | Learned a level 2 spell: Blink
  9296 | D:8      | Found a staircase to the Lair.
  9327 | D:8      | Killed a death yak
  9327 | D:8      | Reached skill level 1 in Translocations
  9327 | D:8      | Reached skill level 5 in Evocations
  9327 | D:8      | Reached XP level 10. HP: 57/57 MP: 13/23
  9341 | D:8      | Killed a death yak
  9341 | D:8      | Reached ** piety under Vehumet
  9362 | D:7      | Killed a death yak
 10142 | D:9      | Found a shadowy altar of Dithmenos.
 10259 | D:9      | Noticed a deep troll
 10469 | D:9      | Noticed an iron troll
 10471 | D:9      | Noticed a deep troll
 10487 | D:8      | Reached skill level 1 in Armour
 10637 | D:9      | Killed a deep troll
 10977 | D:9      | Found a blossoming altar of Fedhas.
 11182 | D:9      | Killed a deep troll
 11182 | D:9      | Reached XP level 11. HP: 62/62 MP: 2/25
 11487 | D:9      | Offered knowledge of Stone Arrow by Vehumet.
 11487 | D:9      | Reached skill level 5 in Fighting
 11732 | D:9      | Reached *** piety under Vehumet
 11754 | D:8      | Learned a level 3 spell: Stone Arrow
 12098 | D:9      | Found a glowing golden altar of the Shining One.
 12396 | D:10     | Entered Level 10 of the Dungeon
 13174 | D:10     | Offered knowledge of Fulminant Prism by Vehumet.
 13458 | D:10     | Reached skill level 1 in Earth Magic
 13746 | D:10     | Noticed Erolcha
 13751 | D:10     | Killed Erolcha
 14507 | D:11     | Noticed a tengu warrior
 14527 | D:11     | Killed a tengu warrior
 14527 | D:11     | Reached **** piety under Vehumet
 14768 | D:11     | Offered knowledge of Frozen Ramparts by Vehumet.
 14906 | D:11     | Noticed a two-headed ogre
 14910 | D:11     | Found a gate leading to a gauntlet.
 14912 | D:11     | Killed a two-headed ogre
 14920 | Gauntlet | Entered a Gauntlet
 14920 | Gauntlet | Found a transporter.
 15005 | Gauntlet | Found a transporter.
 15008 | Gauntlet | Found a transporter.
 15009 | Gauntlet | Found a transporter.
 15012 | Gauntlet | Noticed a death ooze
 15017 | Gauntlet | Found a transporter.
 15020 | Gauntlet | Found a transporter.
 15021 | Gauntlet | Found a transporter.
 15025 | Gauntlet | Found a runed translucent door.
 15029 | Gauntlet | Found a transporter.
 15032 | Gauntlet | Found a transporter.
 15033 | Gauntlet | Found a transporter.
 15040 | Gauntlet | Noticed a death yak
 15041 | Gauntlet | Found a transporter.
 15041 | Gauntlet | Noticed a death yak
 15041 | Gauntlet | Noticed a death yak
 15043 | Gauntlet | Noticed a necromancer
 15044 | Gauntlet | Found a transporter.
 15045 | Gauntlet | Found a transporter.
 15053 | Gauntlet | Found a transporter.
 15062 | Gauntlet | Noticed an orange crystal statue
 15093 | Gauntlet | Found a runed translucent door.
 15149 | Gauntlet | HP: 1/64 [rime drake/flash freeze (18)]
 15476 | Gauntlet | Killed a death ooze
 15578 | Gauntlet | Reached XP level 12. HP: 59/68 MP: 18/27
 15668 | Gauntlet | Slain by a death yak

Illustrated notes

Levels and vault maps discovered:
D:1:      scummos_arrival_hexagon, layout_loops_cross, serial_forest,
          infiniplex_forest_straight_2, infiniplex_forest_clump_curved,
          infiniplex_forest_clump_medium, infiniplex_forest_straight_2,
          infiniplex_forest_clump_double, infiniplex_forest_lined_room_,
          infiniplex_forest_lined_room_2, infiniplex_forest_straight_1
D:2:      layout_basic, gammafunk_temple_overflow_pools,
          chequers_ecumenical_altar_simple, serial_undead, serial_undead_e,
          serial_undead_a, serial_undead_b, serial_undead_f, serial_undead_a,
          serial_undead_e, minmay_misc_feat_alley
D:3:      layout_loops_corners, old_standard_altar, minmay_misc_feat_room,
          fedhas_altar_2
D:4:      layout_gridville, uniq_pikel, uniq_ijyb
D:5:      layout_basic, minmay_temple_entry_fiery, basic_altar
D:6:      gammafunk_cloud_chamber, layout_basic,
          nicolae_ru_great_annihilating_truth, lemuel_crystal_altar,
          serial_shops, kennysheep_mini_moat, serial_bayou,
          serial_bayou_shore_b, serial_bayou_ford_a
D:7:      layout_loops_ring, nicolae_overflow_hidden_temple,
          nicolae_overflow_crystal_walls, uniq_menkaure
D:8:      layout_gridville, old_standard_altar, dpeg_lair_monsters
D:9:      lemuel_troll_bridge, layout_basic, overflow_temple_1_default,
          lemuel_doored_altar, kennysheep_mini
D:10:     kennysheep_seaside_town, layout_basic, uniq_erolcha
D:11:     layout_roguey, orc_0_dummy, gauntlet_entry_generic, special_room
          [special_room_bee], grunt_dithmenos_smoke_and_mirrors
Temple:   kb_corrupted_temple
Gauntlet: gammafunk_gauntlet_77_escape_option
          [minmay_gauntlet_arena_77_broken_ladder,
          minmay_gauntlet_arena_77_terracotta_army,
          minmay_gauntlet_arena_77_shame_cube, minmay_gauntlet_arena_77_mirror,
          minmay_gauntlet_arena_77_hold_the_fort, gauntlet_exit_watery]

Skill      XL: |  1  2  3  4  5  6  7  8  9 10 11 12 |
---------------+-------------------------------------+-----
Fighting       | 1 2 3 4 5 |  5.6
Stealth        | 3 4 5 6 7 8 9 |  9.3
Dodging        | 3 4 5 6 7 8 |  8.6
Conjurations   | 2 3 4 6 7 8 9 |  9.0
Fire Magic     | 4 5 6 7 8 |  8.4
Spellcasting   | 4 5 6 7 8 9 |  9.4
Evocations     | 2 3 5 6 |  6.9
Short Blades   | 2 |  2.0
Translocations | 1 3 4 |  4.8
Armour         | 2 |  2.5
Earth Magic    | 2 |  2.9

Action                   |  1- 3 |  4- 6 |  7- 9 | 10-12 || total
-------------------------+-------+-------+-------+-------++-------
Melee: Short sword       |    12 |     2 |    36 |    20 ||    70
Throw: Dart              |       |       |     1 |     7 ||     8
 Cast: Foxfire           |    97 |   125 |   236 |   364 ||   822
       Sticky Flame      |       |       |    10 |    38 ||    48
       Mephitic Cloud    |       |       |     2 |     1 ||     3
       Conjure Flame     |       |       |       |     6 ||     6
       Fireball          |       |       |       |    21 ||    21
       Stone Arrow       |       |       |       |    16 ||    16
Evoke: Wand              |       |       |     5 |     3 ||     8
  Use: Scroll            |       |       |     4 |     7 ||    11
       Potion            |       |       |       |     1 ||     1
 Stab: Sleeping          |       |     1 |    11 |     5 ||    17
       Paralysed         |       |       |     4 |       ||     4
Armor: Robe              |     7 |     4 |    18 |     7 ||    36
       Leather armour    |       |       |       |    15 ||    15
Dodge: Dodged            |    22 |     8 |    68 |    98 ||   196

Table legend: (Time is in decaauts)
 A = Elapsed time spent in this place.
 B = Non-inter-level travel time spent in this place.
 C = Inter-level travel time spent in this place.
 D = Time resting spent in this place.
 E = Time spent auto-exploring this place.
 F = Levels seen in this place.
 G = Mean time per level.
                   A        B        C        D        E       F      G
               +--------+--------+--------+--------+--------+-----+--------+
         Total |  15686 |  15044 |    642 |   1258 |  11416 |  13 | 1206.6 |
       Dungeon |  14877 |  14255 |    622 |    877 |  11086 |  11 | 1352.5 |
        Temple |     60 |     40 |     20 |      0 |     38 |   1 |   60.0 |
      Gauntlet |    748 |    748 |      0 |    381 |    292 |   1 |  748.0 |
               +--------+--------+--------+--------+--------+-----+--------+

Top non-repeatable levels by time:
     D:8: 2150 daAuts
    D:10: 2093 daAuts
     D:7: 1955 daAuts
     D:2: 1458 daAuts
     D:9: 1332 daAuts
     D:3: 1260 daAuts
     D:5: 1189 daAuts
     D:1: 1101 daAuts
     D:4: 1040 daAuts
     D:6: 865 daAuts
Gauntlet: 748 daAuts
    D:11: 429 daAuts
  Temple: 60 daAuts
